 Dungeon Crawl Stone Soup version 0.30.0-15-g856e2d3f33 (webtiles) character file.

Game seed: 7546818688703241143

588 Hubris850 the Chopper (level 7, -2/59 HPs)
             Began as a Hill Orc Fighter on May 18, 2023.
             Was an Initiate of Qazlal.
             Slain by a phantom (6 damage)
             ... on level 5 of the Dungeon.
             The game lasted 00:09:13 (4084 turns).

Hubris850 the Chopper (Hill Orc Fighter)            Turns: 4084, Time: 00:09:15

Health: -2/59      AC: 11    Str: 21    XL:     7   Next: 38%
Magic:  10/10      EV:  8    Int:  8    God:    Qazlal [......]
Gold:   29         SH:  5    Dex: 10    Spells: 6/6 levels left

rFire   . . .        a - +0 war axe
rCold   . . .        c - +0 buckler
rNeg    . . .        w - +2 chain mail {rPois}
rPois   +            (no helmet)
rElec   .            (no cloak)
rCorr   .            (no gloves)
SInv    .            (no boots)
Will    .....        s - amulet of magic regeneration Stlth
                     e - ring of flight
HPRegen 0.29/turn    (no ring)
MPRegen 0.52/turn

%: no passive effects
@: flying
A: no striking features
a: Renounce Religion


You were on level 5 of the Dungeon.
You worshipped Qazlal.
Qazlal was noncommittal.
You visited 2 branches of the dungeon, and saw 6 of its levels.

You collected 251 gold pieces.
You spent 222 gold pieces at shops.

Inventory:

Hand Weapons
 a - a +0 war axe (weapon)
 b - a +1 short sword of venom
Missiles
 q - 6 silver javelins
 v - 13 poisoned darts
 x - 2 boomerangs (quivered)
 C - 4 boomerangs of dispersal
Armour
 c - a +0 buckler (worn)
 p - a +0 scale mail
 w - a +2 chain mail of poison resistance (worn)
Jewellery
 e - a ring of flight (left hand)
 m - a ring of wizardry
 s - an amulet of magic regeneration (around neck)
Wands
 E - a wand of flame (23)
Scrolls
 g - 3 scrolls of teleportation {unknown}
 i - 2 scrolls of poison {unknown}
 j - 2 scrolls of vulnerability {unknown}
 k - a scroll of fog {unknown}
 r - a scroll of silence {unknown}
 t - a scroll of amnesia {unknown}
 u - 3 scrolls of fear
 y - a scroll of butterflies {unknown}
 A - 2 scrolls of immolation {unknown}
 D - a scroll of magic mapping {unknown}
 F - a scroll of noise {unknown}
 G - 3 scrolls of enchant weapon {unknown}
Potions
 d - 3 potions of might
 f - 3 potions of brilliance
 h - 3 potions of curing
 l - a potion of ambrosia
 n - a potion of haste
 o - a potion of attraction
 z - a potion of lignification {unknown}
 B - a potion of flight {unknown}


   Skills:
 - Level 4.0 Fighting
 + Level 7.4 Axes
 - Level 4.0 Armour
 - Level 5.0 Shields
 + Level 4.5 Invocations


You had 6 spell levels left.
You didn't know any spells.
Your spell library contained the following spells:

 Spells                   Type           Power      Damage    Failure   Level
 Sublimation of Blood     Necr           0%         N/A       99%         2
 Wereblood                Tmut           0%         N/A       99%         2
 Stone Arrow              Conj/Erth      0%         3d7       100%        3
 Animate Armour           Summ/Erth      0%         N/A       100%        4
 Summon Hydra             Summ           0%         N/A       100%        7
 Lehudib's Crystal Spear  Conj/Erth      0%         10d2      100%        8


Dungeon Overview and Level Annotations

Branches:
Dungeon (5/15)             Temple (1/1) D:4

Altars:
Ashenzari
Cheibriados
Dithmenos
Fedhas
Gozag
Hepliaklqana
Kikubaaqudgha
Nemelex Xobeh
Okawaru
Qazlal
Ru
Sif Muna
Trog
Uskayaw
Vehumet
Wu Jian
Xom

Shops:
D:5 ![(


Message History

There is a stone staircase leading up here.
Found a stone staircase leading down.
An orc comes into view. It is wielding a +0 club.
Found a stone staircase leading up.
The orc shouts!
You hear a shout!
Found 6 gold pieces.
You barely miss the orc. The orc hits you but does no damage.
You slash the orc!
You kill the orc!
Qazlal accepts your kill.
An ogre comes into view. It is wielding a +0 giant spiked club.
You see here a +0 club.
You throw a boomerang. The boomerang hits the ogre.
The ogre is lightly wounded.
You throw a boomerang. The boomerang hits the ogre!
The ogre is moderately wounded.
A phantom comes into view.
You throw a boomerang. The boomerang hits the ogre.
The ogre is heavily wounded.
You barely miss the ogre.
The ogre is heavily wounded.
The ogre hits you with a +0 giant spiked club!
You barely miss the ogre.
The ogre is heavily wounded.
You block the ogre's attack.
You hit the ogre.
The ogre is heavily wounded.
The ogre hits you with a +0 giant spiked club!!
You are too injured to fight recklessly!
You are too injured to fight recklessly!
You are too injured to fight recklessly!
You barely miss the ogre.
The ogre is heavily wounded.
You hit the ogre.
The ogre is heavily wounded.
You completely miss the phantom.
The ogre hits you with a +0 giant spiked club!!
* * * LOW HITPOINT WARNING * * *
The phantom hits you.
You die...

##'=)# #.#..# .. (.#..#
... #.#..# .... ..#..#
###....
#.#..############.....$.
##'.....................
###..........# #.W......
'##..#.......###@O.$....
.[.........<............
##..^..............>....
##...........###........
##.###.......# #...$....
##.###.......# #........
.#.##........# #########
......######## ......#


You could see an ogre and a phantom.

Vanquished Creatures
  A phantom (D:5)
  2 scorpions (D:5)
  2 hounds
  3 iguanas
  5 gnolls
  6 adders
  2 river rats (D:4)
  2 ufetubi
  5 worms
  5 dart slugs
  6 orcs
  5 endoplasms
  6 giant cockroaches
  6 goblins
  11 hobgoblins
  3 jackals (D:5)
  8 quokkas
  8 ball pythons
  2 bats
  3 frilled lizards
  9 kobolds
  7 rats
107 creatures vanquished.

Notes
Turn   | Place    | Note
-------+----------+-------------------------------------------
     0 | D:1      | Hubris850 the Hill Orc Fighter began the quest for the Orb.
     0 | D:1      | Reached XP level 1. HP: 19/19 MP: 1/1
    20 | D:1      | Reached skill level 3 in Axes
    20 | D:1      | Reached XP level 2. HP: 3/27 MP: 2/2
   190 | D:1      | Reached XP level 3. HP: 32/33 MP: 3/3
   854 | D:2      | Reached XP level 4. HP: 21/40 MP: 4/4
  1015 | D:2      | Found a faded altar of an unknown god.
  1337 | D:2      | Reached skill level 4 in Axes
  1565 | D:3      | Reached XP level 5. HP: 37/46 MP: 5/5
  2111 | D:3      | Found a broken altar of Ashenzari.
  2120 | D:3      | Found a snail-covered altar of Cheibriados.
  2358 | D:4      | Reached skill level 5 in Axes
  2709 | D:4      | Reached skill level 5 in Shields
  2724 | D:4      | Found a staircase to the Ecumenical Temple.
  2733 | Temple   | Entered the Ecumenical Temple
  2756 | Temple   | Became a worshipper of Qazlal Stormbringer
  2869 | D:4      | Reached XP level 6. HP: 34/52 MP: 6/6
  3059 | D:4      | Reached skill level 1 in Invocations
  3071 | D:4      | Reached skill level 6 in Axes
  3562 | D:5      | Entered Level 5 of the Dungeon
  3640 | D:5      | Found Zucuocvy's Weapon Boutique.
  3693 | D:5      | Reached XP level 7. HP: 45/59 MP: 9/9
  3765 | D:5      | Found Ysyubbi's Armour Shoppe.
  3774 | D:5      | Bought a +2 chain mail of poison resistance for 222 gold
                  | pieces
  3785 | D:5      | Found Leweoniz's Distillery.
  3861 | D:5      | Reached skill level 7 in Axes
  4084 | D:5      | Slain by a phantom

Illustrated notes

Levels and vault maps discovered:
D:1:      matt_arrival_debris, layout_rooms, amcnicky_mini_rare_corridor_liquid,
          st_stairs_14, serial_bayou_lagoon_a, nicolae_figureground_pulse
D:2:      layout_rooms, shapermc_ecumenical_altar_flowoftime
D:3:      layout_basic, mainiacjoe_overflow_swirl
D:4:      layout_basic, minmay_temple_entry_waves, gup_sewer_entry_bowl
D:5:      layout_rooms, serial_shops, shop, shop, shop,
          roderic_cross_of_infinity, grunt_ministairs_10
Temple:   minmay_freezing_vapour_temple

Skill      XL: |  1  2  3  4  5  6  7 |
---------------+----------------------+-----
Axes           | 3 4 5 6 7 |  7.4
Fighting       | 4 |  4.0
Armour         | 4 |  4.0
Shields        | 4 5 |  5.0
Invocations    | 3 4 |  4.5

Action                     |  1- 3 |  4- 6 |  7- 9 || total
---------------------------+-------+-------+-------++-------
  Melee: War axe           |    81 |   215 |    32 ||   328
  Throw: Javelin           |       |     3 |       ||     3
         Boomerang         |       |       |     3 ||     3
    Use: Scroll            |       |     6 |       ||     6
 Armour: Scale mail        |    36 |    81 |       ||   117
         Chain mail        |       |       |    10 ||    10
  Dodge: Dodged            |    51 |   103 |     6 ||   160
  Block: Buckler           |    24 |    38 |     9 ||    71
